 Dungeon Crawl Stone Soup version 0.21.1-1-g345015fe64 (webtiles) character file.

25 DildoBatman the Sneak (level 3, 0/26 HPs)
             Began as a Formicid Enchanter on Mar 5, 2018.
             Slain by a gnoll
             ... wielding a +0 halberd
              (5 damage)
             ... on level 1 of the Dungeon.
             The game lasted 00:03:09 (631 turns).

DildoBatman the Sneak (Formicid Enchanter)           Turns: 631, Time: 00:03:10

Health: 0/26       AC:  9    Str: 13    XL:     3   Next: 17%
Magic:  3/6        EV:  6    Int: 14    God:
Gold:   65         SH:  0    Dex: 11    Spells: 2/6 levels left

rFire    . . .     SeeInvis +   a - +1 dagger
rCold    . . .     Gourm    .   (no shield)
rNeg     . . .     Faith    .   i - +0 chain mail (curse)
rPois    .         Spirit   .   (helmet unavailable)
rElec    .         Reflect  .   (no cloak)
rCorr    .         Harm     .   (no gloves)
MR       .....                  g - +0 pair of boots
Stlth    ..........             (no amulet)
HPRegen  0.08/turn              (no ring)
MPRegen  0.10/turn              (no ring)

@: very slightly contaminated
A: permanent stasis, dig shafts and tunnels, four strong arms, antennae 3
a: Dig, Shaft Self


You were on level 1 of the Dungeon.
You were not hungry.

You visited 1 branch of the dungeon, and saw 2 of its levels.

You collected 65 gold pieces.

Inventory:

Hand Weapons
 a - a +1 dagger (weapon)
 j - a +0 mace
Missiles
 d - 44 stones (quivered)
Armour
 b - a +0 robe
 g - a +0 pair of boots (worn)
 i - a cursed +0 chain mail (worn)
Scrolls
 e - 3 scrolls of remove curse {unknown}
Potions
 h - 2 potions of agility {unknown}
Books
 c - a book of Maledictions

   Spells                             Type                      Level
   a - Corona                         Hexes                        1
   b - Ensorcelled Hibernation        Hexes/Ice                    2
   c - Confuse                        Hexes                        3
   d - Tukima's Dance                 Hexes                        3
   e - Dazzling Spray                 Conjuration/Hexes            3
Comestibles
 f - 2 chunks of flesh
 v - a ration


   Skills:
 * Level 1.3 Fighting
 * Level 1.7 Short Blades
 - Level 1.9 Dodging
 - Level 3.8 Stealth
 - Level 2.3 Spellcasting
 - Level 3.7 Hexes


You had 2 spell levels left.
You knew the following spells:

 Your Spells              Type           Power        Failure   Level  Hunger
a - Corona                Hex            ##.....      88%         1    #......
b - Confuse               Hex            ##......     99%         3    ###....


Dungeon Overview and Level Annotations

Branches:
Dungeon (2/15)

Altars:


Innate Abilities, Weirdness & Mutations

You cannot be hasted, slowed, berserked, paralysed or teleported.
You can dig through walls and to a lower floor.
Your four strong arms can wield two-handed weapons with a shield.
You have a pair of large antennae on your head. (SInv)


Message History

The gnoll barely misses you.
You closely miss the gnoll. The gnoll hits you with a halberd.
You hit the gnoll.
The gnoll is moderately wounded.
You hit the gnoll.
The gnoll is moderately wounded.
The gnoll hits you with a halberd!
Casting: Corona
Confirm with . or Enter, or press ? or * to list all spells.
Aiming: Corona
Press: ? - help, Shift-Dir - straight line, f/p - gnoll
Aim: a gnoll, wielding a halberd (moderately wounded, chance to defeat MR: 57%)
You miscast Corona.
You hear an indistinct dissonance whispering inside your mind.
The gnoll hits you with a halberd.
Your chain mail prevents you from hitting the gnoll.
The gnoll is moderately wounded.
The gnoll hits you with a halberd.
You die...

........## #.# #
######...# #.#.. .#
###...###.#.# #.##
#.......#.#.## ...
#............# ..#
#.......#.#..##..###
###...##...........#
######...#.....###..#
........###...sg@...#
#########
##.#####....?.. ...#
#.# ###.### ##..# #.#
#s# # ...### ##'##
#.# # ......#...##
#.# # ####......##
#.##### . {
{+......s## #.....# #
#........####...#.#


You could see a gnoll and a giant cockroach.

Vanquished Creatures
  An adder (D:2)
  A giant cockroach (D:2)
  3 hobgoblins (D:1)
  A ball python (D:2)
  2 bats (D:1)
  4 frilled lizards
  3 kobolds
  4 rats (D:1)
19 creatures vanquished.

Notes
Turn   | Place    | Note
-------+----------+-------------------------------------------
     0 | D:1      | DildoBatman the Formicid Enchanter began the quest for the Orb.
     0 | D:1      | Reached XP level 1. HP: 13/13 MP: 3/3
     3 | D:1      | You fall through a shaft!
     5 | D:2      | Reached XP level 2. HP: 20/20 MP: 5/5
   200 | D:1      | Reached skill level 1 in Fighting
   334 | D:1      | Reached XP level 3. HP: 18/26 MP: 4/6
   348 | D:1      | Learned a level 3 spell: Confuse
   631 | D:1      | Slain by a gnoll

Skill      XL: |  1  2 |
---------------+-------+-----
Fighting       | 1 |  1.3
Short Blades   | |  1.7
Dodging        | |  1.9
Stealth        | |  3.8
Spellcasting   | |  2.3
Hexes          | |  3.7

Action                   || total
-------------------------++-------
Melee: Dagger            ||    50
 Cast: Corona            ||     8
 Abil: Shaft Self        ||     1
 Stab: Sleeping          ||     3
Armor: Robe              ||     8
       Chain mail        ||     2
Dodge: Dodged            ||    29
